[Event "Titled Tuesday Blitz March 29 Late 2022"]
[White "Andreikin, Dmitry"]
[Black "Vasquez Schroeder, Rodrigo"]
[WhiteFideId "4158814"]
[BlackFideId "3400042"]
[WhiteElo "2736"]
[BlackElo "2561"]
[Result "1-0"]
[Round "06"]
[TimeControl "180+1"]
[Date "2022.03.29"]
[WhiteClock "0:01:38"]
[BlackClock "0:01:15"]

1. d4 Nf6 2. Nf3 e6 3. c4 c5 4. d5 d6 5. Nc3 exd5 6. cxd5 g6 7. Nd2 Bg7 8. e4 O-O 9. Be2 Re8 10. O-O Na6 11. Re1 Nc7 12. a4 b6 13. Bf1 Ng4 14. Nf3 a6 15. Bg5 Qd7 16. Qd2 Rb8 17. h3 Ne5 18. Nxe5 Bxe5 19. Bf4 Bd4 20. Be3 Bh8 21. Rab1 Qe7 22. Bg5 Qe5 23. Bf4 Qf6 24. Bg3 b5 25. e5 dxe5 26. d6 Rd8 27. dxc7 1-0


[Site "https://www.chess.com"]

[Event "Titled Tuesday Blitz March 29 Late 2022"]
[White "Aravindh, Chithambaram VR."]
[Black "Hambleton, Aman"]
[WhiteFideId "5072786"]
[BlackFideId "2606577"]
[WhiteElo "2561"]
[BlackElo "2552"]
[Result "0-1"]
[Round "06"]
[TimeControl "180+1"]
[Date "2022.03.29"]
[WhiteClock "0:00:03"]
[BlackClock "0:00:05"]

1. b3 e5 2. Bb2 Nc6 3. e3 Nf6 4. Bb5 e4 5. Ne2 a6 6. Bxc6 dxc6 7. Ng3 h5 8. Nc3 Bg4 9. f3 exf3 10. gxf3 Bh3 11. Qe2 Qd7 12. O-O-O O-O-O 13. Rhg1 h4 14. Nge4 Nxe4 15. Nxe4 f6 16. d4 Kb8 17. Nf2 Be6 18. e4 Qf7 19. c4 Bc8 20. Kb1 Bd6 21. Nd3 Rhe8 22. Qc2 g5 23. Rde1 Qh5 24. Qf2 f5 25. e5 Be7 26. e6 f4 27. Ne5 Bxe6 28. Nxc6+ bxc6 29. Rxe6 Bd6 30. Rge1 Rxe6 31. Rxe6 g4 32. fxg4 Qxg4 33. Re1 f3 34. c5 Bg3 35. hxg3 hxg3 36. Qf1 f2 37. Rc1 Qf3 38. Qh3 Rf8 39. Qf1 g2 40. Qxa6 f1=Q 41. Qa4 Qb5 42. Qa3 Qfd3+ 43. Ka1 Rf1 44. d5 Rxc1+ 45. Bxc1 Qc3+ 0-1


[Site "https://www.chess.com"]

[Event "Titled Tuesday Blitz March 29 Late 2022"]
[White "Aydin, Gulenay"]
[Black "Diaz Perez, Michel Alejandro"]
[WhiteFideId "34557431"]
[BlackFideId "3517179"]
[WhiteElo "1429"]
[BlackElo "2337"]
[Result "0-1"]
[Round "06"]
[TimeControl "180+1"]
[Date "2022.03.30"]
[WhiteClock "0:00:06"]
[BlackClock "0:00:50"]

1. e4 c6 2. d4 d5 3. Nd2 dxe4 4. Nxe4 Nd7 5. Nf3 Ngf6 6. Nxf6+ Nxf6 7. c3 Bg4 8. h3 Bh5 9. g4 Bg6 10. Ne5 e6 11. h4 Bd6 12. Qe2 Qa5 13. Bg2 O-O-O 14. Bf4 Nd5 15. Bg3 Nxc3 16. bxc3 Qxc3+ 17. Qd2 Bb4 18. Qxc3 Bxc3+ 19. Ke2 Bxa1 20. Rxa1 Rxd4 21. Rb1 Bxb1 0-1


[Site "https://www.chess.com"]

[Event "Titled Tuesday Blitz March 29 Late 2022"]
[White "Babazada, Khazar"]
[Black "Hess, Robert"]
[WhiteFideId "13413554"]
[BlackFideId "2022036"]
[WhiteElo "2418"]
[BlackElo "2557"]
[Result "1/2-1/2"]
[Round "06"]
[TimeControl "180+1"]
[Date "2022.03.29"]
[WhiteClock "0:00:07"]
[BlackClock "0:00:05"]

1. Nf3 g6 2. g3 Bg7 3. Bg2 d6 4. O-O e6 5. d4 Ne7 6. c4 Nd7 7. Nc3 h6 8. b3 g5 9. Bb2 Ng6 10. e3 Rb8 11. Qc2 b6 12. Rad1 Bb7 13. c5 bxc5 14. dxc5 Nxc5 15. Na4 Bxb2 16. Nxc5 Bxf3 17. Bxf3 Qf6 18. Bc6+ Ke7 19. Nd7 Qc3 20. Qxc3 Bxc3 21. Nxb8 Rxb8 22. Be4 f5 23. Bc2 Ne5 24. Kg2 c5 25. h3 Nc6 26. g4 f4 27. exf4 gxf4 28. h4 Bf6 29. Rh1 Nd4 30. Bd3 d5 31. f3 c4 32. bxc4 Rb2+ 33. Kh3 dxc4 34. Bxc4 Nxf3 35. g5 hxg5 36. hxg5 Nxg5+ 37. Kg4 f3 38. Rb1 Rg2+ 39. Kf4 f2 40. Rhd1 Rg1 41. Ke3 Rxd1 42. Rxd1 Nh3 43. Bf1 Bg5+ 44. Kf3 Nf4 45. Kxf2 Nd5 46. Kf3 Nc3 47. Rd3 Nxa2 48. Ra3 Nb4 49. Rxa7+ Kf6 50. Bc4 Nc6 51. Ra4 Ne5+ 52. Ke4 Nxc4 53. Rxc4 Kf7 1/2-1/2


[Site "https://www.chess.com"]

[Event "Titled Tuesday Blitz March 29 Late 2022"]
[White "Baches Garcia, Guillermo"]
[Black "Eames, Robert S"]
[WhiteFideId "2209764"]
[BlackFideId "408743"]
[WhiteElo "2488"]
[BlackElo "2105"]
[Result "1-0"]
[Round "06"]
[TimeControl "180+1"]
[Date "2022.03.30"]
[WhiteClock "0:01:35"]
[BlackClock "0:01:40"]

1. e4 e6 2. Nf3 d5 3. exd5 exd5 4. d4 Nc6 5. Bb5 Bd6 6. c4 dxc4 7. d5 a6 8. Ba4 b5 9. dxc6 bxa4 10. Qxa4 Ne7 11. O-O O-O 12. Nbd2 Rb8 13. a3 Rb6 14. Nxc4 Rxc6 15. Nxd6 Rxd6 16. Bf4 Rg6 17. Rad1 Qe8 18. Qxe8 Rxe8 19. Bxc7 Bb7 20. Bg3 Bxf3 21. gxf3 Nf5 22. Rfe1 Rxe1+ 23. Rxe1 h5 24. Kf1 h4 25. Bf4 Nd4 26. Re3 Rf6 27. Be5 1-0


[Site "https://www.chess.com"]

[Event "Titled Tuesday Blitz March 29 Late 2022"]
[White "Bachmann, Axel"]
[Black "Tiarks, Jann-Christian"]
[WhiteFideId "3700488"]
[BlackFideId "12951595"]
[WhiteElo "2587"]
[BlackElo "2176"]
[Result "1/2-1/2"]
[Round "06"]
[TimeControl "180+1"]
[Date "2022.03.30"]
[WhiteClock "0:00:05"]
[BlackClock "0:00:07"]

1. d4 d5 2. Nf3 e6 3. c4 c6 4. g3 dxc4 5. Bg2 b5 6. O-O Bb7 7. b3 cxb3 8. Qxb3 Nf6 9. Nc3 Be7 10. Rd1 O-O 11. Ne5 a6 12. Ne4 Nxe4 13. Bxe4 Nd7 14. Nxc6 Bxc6 15. Bxc6 Rc8 16. Bb7 Rb8 17. Bf3 Nb6 18. Bf4 Bd6 19. Bd2 Nc4 20. Be1 Qf6 21. a4 Rfc8 22. axb5 axb5 23. Ra7 Bc7 24. Bb7 Bb6 25. Bxc8 Bxa7 26. Ba6 Bxd4 27. e3 Ba7 28. Bxb5 Ne5 29. Qa4 h5 30. Qxa7 Nf3+ 31. Kf1 Rxb5 32. Qa8+ Kh7 33. Qe4+ g6 34. Bc3 Nxh2+ 35. Kg2 Qxc3 36. Kxh2 Rb2 37. Qf3 Kg7 38. Rd7 Qf6 39. Qxf6+ Kxf6 40. Kg2 Ra2 41. Rd4 Ra6 42. Rf4+ Kg7 43. Rb4 g5 44. Rb5 Kg6 45. Rb4 f5 46. Rc4 Kf6 47. Rb4 Ra2 48. Rc4 Ra5 49. Rb4 Re5 50. Rc4 Re4 51. Rc5 h4 52. Kf3 h3 53. Rc1 Rb4 54. Rh1 Rb2 55. g4 fxg4+ 56. Kxg4 Rxf2 57. Rxh3 Rg2+ 58. Kh5 Kf5 59. Rh1 Ke4 60. Kg6 e5 61. Re1 Rg3 62. Kh5 Rxe3 63. Rg1 Kf4 64. Rg4+ Kf3 65. Rxg5 e4 66. Kh4 Ke2 67. Kg4 Rf3 68. Re5 Ke3 69. Ra5 Rf1 70. Ra3+ Kd2 71. Ra2+ Kc3 72. Ra3+ Kb4 73. Re3 Rg1+ 74. Kf4 Rf1+ 75. Kxe4 Rf8 76. Re2 Re8+ 77. Kd3 Rxe2 78. Kxe2 1/2-1/2


[Site "https://www.chess.com"]

[Event "Titled Tuesday Blitz March 29 Late 2022"]
[White "Belous, Vladimir"]
[Black "Xiong, Jeffery"]
[WhiteFideId "4174003"]
[BlackFideId "2047640"]
[WhiteElo "2534"]
[BlackElo "2727"]
[Result "0-1"]
[Round "06"]
[TimeControl "180+1"]
[Date "2022.03.29"]
[WhiteClock "0:00:02"]
[BlackClock "0:00:18"]

1. c4 Nf6 2. Nf3 e6 3. g3 d5 4. Bg2 Be7 5. O-O O-O 6. b3 d4 7. Bb2 c5 8. e3 Nc6 9. exd4 cxd4 10. Re1 Re8 11. Na3 Bc5 12. Nc2 e5 13. b4 Bd6 14. c5 Bc7 15. b5 Na5 16. d3 Bf5 17. Qd2 Bd7 18. Rab1 Rc8 19. a4 Nb3 20. Qb4 Be6 21. Ng5 Bd5 22. b6 axb6 23. cxb6 Bxb6 24. Bxd5 Qxd5 25. Qxb6 Rxc2 26. Ne4 Nxe4 27. dxe4 Qc4 28. Ba3 Nd2 29. Rb4 Qd3 30. Kg2 Qf3+ 31. Kg1 Qxa3 32. Qxb7 Nf3+ 33. Kh1 Rxf2 0-1


[Site "https://www.chess.com"]

[Event "Titled Tuesday Blitz March 29 Late 2022"]
[White "Bortnyk, Olexandr"]
[Black "Fernandez, Daniel Howard"]
[WhiteFideId "14120828"]
[BlackFideId "5801605"]
[WhiteElo "2723"]
[BlackElo "2466"]
[Result "1-0"]
[Round "06"]
[TimeControl "180+1"]
[Date "2022.03.29"]
[WhiteClock "0:00:36"]
[BlackClock "0:00:45"]

1. d4 Nf6 2. Nc3 d5 3. Bf4 e6 4. Nb5 Na6 5. e3 c6 6. Nc3 Nc7 7. Nf3 Bd6 8. Ne5 O-O 9. Qf3 Bb4 10. Bd3 Nb5 11. O-O Nxc3 12. bxc3 Bxc3 13. Bg5 Bxa1 14. Ng4 Nxg4 15. Bxd8 f5 16. Ba5 Bb2 17. Bb4 Re8 18. Rb1 a5 19. Bd6 Bc3 20. h3 Nf6 21. a3 b5 22. Rb3 Bd2 23. Be5 a4 24. Rb1 Ra7 25. Qg3 Rf7 26. Bxf6 Rxf6 27. Qc7 f4 28. Qxc6 Ref8 29. e4 f3 30. g3 Rh6 31. Rxb5 Rxh3 32. Rb8 1-0


[Site "https://www.chess.com"]

[Event "Titled Tuesday Blitz March 29 Late 2022"]
[White "Boyer, Mahel"]
[Black "Bluebaum, Matthias"]
[WhiteFideId "45102422"]
[BlackFideId "24651516"]
[WhiteElo "2328"]
[BlackElo "2550"]
[Result "0-1"]
[Round "06"]
[TimeControl "180+1"]
[Date "2022.03.29"]
[WhiteClock "0:00:20"]
[BlackClock "0:00:48"]

1. e4 c6 2. c4 d5 3. cxd5 cxd5 4. exd5 Nf6 5. Nc3 Nxd5 6. Nf3 Nc6 7. Bb5 e6 8. O-O Be7 9. d4 O-O 10. Re1 Bd7 11. Nxd5 exd5 12. h3 Bf6 13. Bf4 Qb6 14. Bxc6 Bxc6 15. Qd2 Rfe8 16. Bg5 Bxg5 17. Nxg5 f6 18. Nf3 Re4 19. Re3 Rxe3 20. fxe3 Re8 21. Rc1 Qc7 22. Kf2 Qd6 23. b4 Bb5 24. Qc3 Bc4 25. Nd2 b5 26. a4 a6 27. axb5 axb5 28. Ra1 Qe6 29. Ra7 Qf5+ 30. Nf3 h5 31. Qa3 Qc2+ 32. Kg1 Kh7 33. Rc7 Qg6 34. Kf2 Bd3 35. Qa7 Be4 36. Re7 Rc8 37. Rc7 Re8 38. Re7 Bxf3 39. Rxe8 Qxg2+ 0-1


[Site "https://www.chess.com"]

[Event "Titled Tuesday Blitz March 29 Late 2022"]
[White "Bryakin, Mikhail"]
[Black "Rosen, Eric"]
[WhiteFideId "4165314"]
[BlackFideId "2032562"]
[WhiteElo "2417"]
[BlackElo "2362"]
[Result "1-0"]
[Round "06"]
[TimeControl "180+1"]
[Date "2022.03.30"]
[WhiteClock "0:00:04"]
[BlackClock "0:00:01"]

1. e4 e5 2. d4 exd4 3. Qxd4 Nc6 4. Qd3 Nf6 5. Nc3 Bb4 6. Bd2 O-O 7. O-O-O Re8 8. f3 d6 9. a3 a5 10. axb4 axb4 11. Nb1 Ra1 12. Bg5 Be6 13. c4 h6 14. Bxf6 Qxf6 15. Ne2 Ne5 16. Qd4 Bxc4 17. b3 Bxb3 18. Qxa1 Nd3+ 19. Rxd3 Qxa1 20. Rxb3 c5 21. Nf4 Ra8 22. Bc4 Ra2 23. Rd1 Qe5 24. g3 Rxh2 25. Rd5 Qa1 26. Rxd6 Qa2 27. Rd2 Rh1+ 28. Rd1 Rh2 29. Rd2 Rh1+ 30. Rd1 Rxd1+ 31. Kxd1 b5 32. Bd5 Qf2 33. Ne2 h5 34. f4 Kf8 35. Kd2 f6 36. e5 Ke7 37. e6 f5 38. Rb2 Qf1 39. Rb3 g6 40. Rb2 Qf2 41. Ra2 c4 42. Ra6 c3+ 43. Kd3 Qc5 44. Nbxc3 bxc3 45. Nxc3 b4 46. Rc6 Qf2 47. Ne2 1-0


[Site "https://www.chess.com"]

[Event "Titled Tuesday Blitz March 29 Late 2022"]
[White "Buchenau, Frank"]
[Black "Fishbein, Alexander"]
[WhiteFideId "4604350"]
[BlackFideId "2000377"]
[WhiteElo "2480"]
[BlackElo "2673"]
[Result "1/2-1/2"]
[Round "06"]
[TimeControl "180+1"]
[Date "2022.03.30"]
[WhiteClock "0:00:23"]
[BlackClock "0:00:52"]

1. e4 c5 2. Nf3 d6 3. Bb5+ Bd7 4. Bxd7+ Nxd7 5. O-O Ngf6 6. Qe2 e6 7. d4 cxd4 8. Nxd4 Be7 9. c4 O-O 10. b3 a6 11. Bb2 Qb6 12. Rd1 Rfe8 13. Nc3 Rac8 14. Rac1 Qa5 15. f4 Qh5 16. Qxh5 Nxh5 17. g3 g5 18. f5 Bd8 19. Kg2 Nhf6 20. fxe6 fxe6 21. Nf3 g4 22. Nh4 Rc6 23. Re1 Ne5 24. Rcd1 Ba5 25. Re2 Nfd7 26. a3 Bxc3 27. Bxc3 Nc5 28. Bxe5 dxe5 29. b4 Nb3 30. Rd7 Nd4 31. Rf2 Rf8 32. Rxf8+ Kxf8 33. c5 b6 34. cxb6 Rxb6 35. Rxh7 Rc6 36. Ng6+ Kg8 37. Ra7 Rc2+ 38. Kf1 Nf3 39. Ne7+ Kf8 40. Ng6+ Ke8 41. Re7+ Kd8 42. Rxe6 Kd7 43. Rxa6 Rxh2 44. b5 Rb2 45. a4 Rd2 46. b6 Nh2+ 47. Ke1 Nf3+ 48. Kf1 Nh2+ 49. Ke1 Nf3+ 50. Kf1 1/2-1/2


[Site "https://www.chess.com"]

[Event "Titled Tuesday Blitz March 29 Late 2022"]
[White "Burke, Paul"]
[Black "Brizzi, Milagros Tatiana"]
[WhiteFideId "2605767"]
[BlackFideId "128350"]
[WhiteElo "1862"]
[BlackElo "1844"]
[Result "1-0"]
[Round "06"]
[TimeControl "180+1"]
[Date "2022.03.30"]
[WhiteClock "0:02:36"]
[BlackClock "0:02:11"]

1. e4 c6 2. d4 d5 3. Nc3 dxe4 4. f3 exf3 5. Nxf3 Nf6 6. Bc4 Bg4 7. Bxf7+ Kxf7 8. Ne5+ Ke8 9. Nxg4 g6 10. Nxf6+ exf6 11. O-O Be7 12. Bh6 Nd7 13. d5 Qb6+ 14. Kh1 Kf7 15. Qe2 Rhe8 16. Qe6# 1-0


[Site "https://www.chess.com"]

[Event "Titled Tuesday Blitz March 29 Late 2022"]
[White "Cagara, Paulina"]
[Black "Storey, Charles H"]
[WhiteFideId "1124870"]
[BlackFideId "406686"]
[WhiteElo "1780"]
[BlackElo "2263"]
[Result "0-1"]
[Round "06"]
[TimeControl "180+1"]
[Date "2022.03.30"]
[WhiteClock "0:01:49"]
[BlackClock "0:01:34"]

1. e4 c6 2. d4 d5 3. exd5 cxd5 4. Bd3 Nf6 5. h3 Nc6 6. c3 g6 7. Nf3 Bg7 8. O-O O-O 9. Bf4 Bf5 10. Bxf5 gxf5 11. Qd3 e6 12. Nbd2 Ne4 13. Rfe1 Kh8 14. Ne5 Nxe5 15. Bxe5 Bxe5 16. dxe5 Rg8 17. Kh2 Qg5 18. Rg1 Qxd2 19. Qf3 Qxf2 20. Qh5 Qg3+ 21. Kh1 Qxe5 22. Qxf7 Nf2# 0-1


[Site "https://www.chess.com"]

[Event "Titled Tuesday Blitz March 29 Late 2022"]
[White "Cardoso Cardoso, Jose Gabriel"]
[Black "Krishnan, Varun"]
[WhiteFideId "4430492"]
[BlackFideId "5054508"]
[WhiteElo "2451"]
[BlackElo "2592"]
[Result "1-0"]
[Round "06"]
[TimeControl "180+1"]
[Date "2022.03.29"]
[WhiteClock "0:00:12"]
[BlackClock "0:00:07"]

1. Nf3 d5 2. g3 g6 3. c4 c6 4. Bg2 Bg7 5. O-O e5 6. cxd5 cxd5 7. d3 Ne7 8. Nc3 O-O 9. Bg5 Be6 10. e4 d4 11. Na4 b6 12. Rc1 h6 13. Bd2 Nd7 14. Bb4 a5 15. Ba3 b5 16. Nc5 b4 17. Nxe6 fxe6 18. Qb3 Qb6 19. Nd2 bxa3 20. Qxa3 Qb4 21. Rc7 Rfd8 22. Bh3 Ra6 23. Nc4 Kf7 24. Rc1 Qxa3 25. bxa3 h5 26. Rb1 Rb8 27. Rb3 Rxb3 28. axb3 Nb8 29. b4 axb4 30. axb4 Ra1+ 31. Bf1 Nc6 32. b5 Nd8 33. Nd6+ Kf8 34. b6 Rb1 35. b7 Nec6 36. Rd7 Rb6 37. Bh3 Bf6 38. f4 Be7 39. fxe5 Bxd6 40. exd6 Rxb7 41. Bxe6 Rxd7 42. Bxd7 Nf7 43. Bxc6 Nxd6 44. Bd5 Ke7 45. e5 Nf5 46. Be4 Ke6 47. Bxf5+ Kxf5 48. h4 Kxe5 49. Kf2 Kf6 50. Kf3 Kf5 51. g4+ hxg4+ 52. Kg3 Kf6 53. Kxg4 Kf7 54. Kf3 Kg7 55. Ke4 Kh6 56. Kxd4 Kh5 57. Ke5 Kxh4 58. d4 g5 59. d5 g4 60. d6 g3 61. d7 g2 62. d8=Q+ Kg3 63. Qd1 Kf2 64. Qd2+ Kf1 65. Qf4+ Ke1 66. Qg3+ Kf1 67. Qf3+ Kg1 68. Kf4 Kh2 69. Qh5+ Kg1 70. Kg3 Kf1 71. Qd1# 1-0


[Site "https://www.chess.com"]

[Event "Titled Tuesday Blitz March 29 Late 2022"]
[White "Caruana, Fabiano"]
[Black "Dubov, Daniil"]
[WhiteFideId "2020009"]
[BlackFideId "24126055"]
[WhiteElo "2744"]
[BlackElo "2791"]
[Result "1-0"]
[Round "06"]
[TimeControl "180+1"]
[Date "2022.03.29"]
[WhiteClock "0:00:22"]
[BlackClock "0:00:13"]

1. d4 Nf6 2. c4 c5 3. d5 b5 4. Qc2 b4 5. e4 d6 6. Bd3 g6 7. Nf3 Bg7 8. O-O O-O 9. h3 e6 10. Nbd2 exd5 11. cxd5 Nbd7 12. Nc4 Nb6 13. Re1 Ba6 14. Bf4 Bxc4 15. Bxc4 Nxc4 16. Qxc4 Re8 17. Rad1 Nd7 18. b3 Qc7 19. Qa6 Qb6 20. Qd3 Ne5 21. Bxe5 Bxe5 22. Nd2 Qc7 23. Nc4 Bd4 24. Qg3 Rad8 25. Kh1 Re7 26. f4 Qd7 27. Qf3 Rde8 28. Re2 Bc3 29. a4 f5 30. e5 dxe5 31. fxe5 Bxe5 32. d6 Re6 33. Qd5 Bc3 34. Rxe6 Rxe6 35. Qxc5 Kf7 36. Qc7 Ke8 37. a5 h5 38. a6 h4 39. Nb6 Qd8 40. d7+ 1-0


[Site "https://www.chess.com"]

[Event "Titled Tuesday Blitz March 29 Late 2022"]
[White "Chernobay, Artem"]
[Black "Melaugh, Shane"]
[WhiteFideId "4167406"]
[BlackFideId "2509580"]
[WhiteElo "2473"]
[BlackElo "2014"]
[Result "1-0"]
[Round "06"]
[TimeControl "180+1"]
[Date "2022.03.30"]
[WhiteClock "0:01:18"]
[BlackClock "0:01:18"]

1. e4 e6 2. d4 d5 3. Nc3 Nf6 4. Bg5 dxe4 5. Nxe4 Nbd7 6. Nf3 Be7 7. Nxf6+ Nxf6 8. Bd3 O-O 9. Qe2 h6 10. h4 c5 11. O-O-O Qd5 12. c4 Qc6 13. Ne5 Qd6 14. f4 cxd4 15. g4 Nh7 16. Bxe7 Qxe7 17. g5 f6 18. Ng6 Qc7 19. gxh6 Qxf4+ 20. Nxf4 1-0


[Site "https://www.chess.com"]

[Event "Titled Tuesday Blitz March 29 Late 2022"]
[White "Dahlgren, James Allen"]
[Black "Van den Dikkenberg, Erik"]
[WhiteFideId "22256873"]
[BlackFideId "1005880"]
[WhiteElo "2133"]
[BlackElo "2118"]
[Result "0-1"]
[Round "06"]
[TimeControl "180+1"]
[Date "2022.03.30"]
[WhiteClock "0:01:52"]
[BlackClock "0:02:10"]

1. f4 e5 2. e4 d5 3. exd5 exf4 4. Nf3 Nf6 5. c4 c6 6. dxc6 Nxc6 7. Nc3 Bc5 8. d4 Nxd4 9. Bxf4 O-O 10. Nxd4 Bxd4 11. Be2 Re8 12. Nd5 Nxd5 13. Qxd4 Bg4 14. Qxd5 Rxe2+ 15. Kf1 Qf6 0-1


[Site "https://www.chess.com"]

[Event "Titled Tuesday Blitz March 29 Late 2022"]
[White "De La Colina, Nicolas"]
[Black "Fathy, Elameir"]
[WhiteFideId "30946921"]
[BlackFideId "10600396"]
[WhiteElo "2046"]
[BlackElo "2311"]
[Result "0-1"]
[Round "06"]
[TimeControl "180+1"]
[Date "2022.03.30"]
[WhiteClock "0:00:01"]
[BlackClock "0:00:07"]

1. d4 d5 2. Bf4 c5 3. e3 Nc6 4. c3 Bf5 5. Nd2 e6 6. Ngf3 Qb6 7. Qc1 Rc8 8. Be2 Nf6 9. O-O Be7 10. b3 O-O 11. Qb2 Nh5 12. Be5 f6 13. Bg3 Nxg3 14. hxg3 cxd4 15. exd4 Rfe8 16. Rfe1 Bg6 17. c4 Qa5 18. a3 Qc7 19. Rac1 Qd7 20. c5 Qc7 21. b4 e5 22. Bb5 e4 23. Nh4 a6 24. Bf1 f5 25. Nxg6 hxg6 26. Qa2 Rcd8 27. Qb3 Nxd4 28. Qb2 Bf6 29. Qb1 f4 30. Nb3 fxg3 31. fxg3 Qxg3 32. Nd2 e3 33. Qd3 Qf2+ 34. Kh1 Qh4+ 35. Kg1 exd2 36. Qxd2 Nf5 37. Red1 Bd4+ 38. Qxd4 Nxd4 39. Bd3 Ne2+ 40. Kf1 Qh1+ 41. Kf2 Qh4+ 42. Kf1 Ng3+ 43. Kg1 Ne4 44. Kf1 Qf2# 0-1


[Site "https://www.chess.com"]

[Event "Titled Tuesday Blitz March 29 Late 2022"]
[White "Demchenko, Anton"]
[Black "Sanal, Vahap"]
[WhiteFideId "4160258"]
[BlackFideId "6300545"]
[WhiteElo "2539"]
[BlackElo "2603"]
[Result "0-1"]
[Round "06"]
[TimeControl "180+1"]
[Date "2022.03.29"]
[WhiteClock "0:00:04"]
[BlackClock "0:00:20"]

1. e4 e5 2. Nf3 Nc6 3. Bc4 Bc5 4. d3 Nf6 5. a4 d6 6. O-O h6 7. c3 a5 8. Nbd2 O-O 9. h3 Re8 10. Re1 Be6 11. Qc2 d5 12. Bb5 Bd6 13. Nf1 Nd7 14. Ne3 dxe4 15. dxe4 Nc5 16. Nd5 Rf8 17. Rd1 f5 18. exf5 Bxf5 19. Qe2 Kh8 20. Ne3 Be4 21. Nd2 Bh7 22. Ndc4 Qf6 23. Nxd6 cxd6 24. Ng4 Qe7 25. Be3 Ne6 26. Qd2 Rad8 27. Bb6 Rd7 28. Ne3 Be4 29. Bd3 Bxd3 30. Qxd3 Nf4 31. Qe4 Qf7 32. Nd5 Nxd5 33. Qxd5 Qg6 34. Bxa5 e4 35. Bb6 Ne5 36. Be3 Rf6 37. a5 Kh7 38. b4 Re7 39. b5 Rf5 40. Qb3 Nf3+ 41. Kf1 Nh2+ 42. Kg1 Nf3+ 43. Kf1 Nh4 44. g4 Rf3 45. Qd5 Rxh3 46. Qxd6 Qxg4 47. Ke1 Rh1+ 48. Kd2 Rd7 49. Qxd7 Qxd7+ 50. Kc2 Rxd1 51. Rxd1 Qxb5 0-1


[Site "https://www.chess.com"]

[Event "Titled Tuesday Blitz March 29 Late 2022"]
[White "Desideri, Ricardo Maruchi"]
[Black "Jensen, Matthew R"]
[WhiteFideId "2110440"]
[BlackFideId "2018110"]
[WhiteElo "1945"]
[BlackElo "2288"]
[Result "0-1"]
[Round "06"]
[TimeControl "180+1"]
[Date "2022.03.30"]
[WhiteClock "0:00:04"]
[BlackClock "0:00:24"]

1. e4 c6 2. d4 d5 3. e5 c5 4. f4 cxd4 5. Qxd4 Nc6 6. Bb5 Bf5 7. Nc3 e6 8. Nf3 Ne7 9. O-O a6 10. Bxc6+ Nxc6 11. Qf2 Rc8 12. Be3 h5 13. a3 Be7 14. Nd4 Nxd4 15. Bxd4 h4 16. Rfc1 h3 17. g3 b5 18. Nd1 g5 19. Ne3 Be4 20. f5 Qd7 21. f6 Bc5 22. c3 Qa7 23. Ng4 Kd7 24. b4 Bxd4 25. cxd4 Rc4 26. Ne3 Rxd4 27. Nc2 Bxc2 28. Rxc2 Ra8 29. Rac1 Rc4 30. Qxa7+ Rxa7 31. Kf2 Rac7 32. Rxc4 Rxc4 33. Kf3 Rxc1 0-1


[Site "https://www.chess.com"]

[Event "Titled Tuesday Blitz March 29 Late 2022"]
[White "Dimakiling, Oliver"]
[Black "Hnydiuk, Aleksander"]
[WhiteFideId "5202248"]
[BlackFideId "1109057"]
[WhiteElo "2426"]
[BlackElo "2374"]
[Result "0-1"]
[Round "06"]
[TimeControl "180+1"]
[Date "2022.03.29"]
[WhiteClock "0:00:11"]
[BlackClock "0:00:30"]

1. e4 Nf6 2. d3 e5 3. Nf3 Nc6 4. Nbd2 d5 5. g3 Bc5 6. Bg2 O-O 7. O-O Re8 8. h3 h6 9. a4 a5 10. c3 b6 11. Re1 Ba6 12. exd5 Nxd5 13. Ne4 Bf8 14. Nh4 Qd7 15. Qf3 Rad8 16. Nf5 Nce7 17. Nxh6+ gxh6 18. c4 f5 19. cxd5 fxe4 20. dxe4 Ng6 21. Qh5 Qg7 22. Be3 Bb4 23. Rec1 Kh7 24. Rc6 Bd6 25. Rac1 Re7 26. Bg5 Rde8 27. h4 Rf7 28. Bh3 Ne7 29. Rxc7 Bxc7 30. Rxc7 Qg6 31. Qxg6+ Kxg6 32. Bd7 Rd8 33. Be3 Nxd5 34. Bf5+ Rxf5 35. exf5+ Kxf5 36. Ra7 Nxe3 37. Rxa6 Rd1+ 38. Kh2 Ng4+ 39. Kg2 Rd2 40. Rxb6 Rxf2+ 41. Kg1 Rc2 42. b4 axb4 43. Rxb4 Ra2 44. Kf1 e4 45. Rb5+ Ne5 46. a5 e3 47. Rb4 e2+ 0-1


[Site "https://www.chess.com"]

[Event "Titled Tuesday Blitz March 29 Late 2022"]
[White "Fernandez Siles, Luis"]
[Black "Karttunen, Mika"]
[WhiteFideId "2209420"]
[BlackFideId "502081"]
[WhiteElo "2212"]
[BlackElo "2343"]
[Result "0-1"]
[Round "06"]
[TimeControl "180+1"]
[Date "2022.03.30"]
[WhiteClock "0:00:04"]
[BlackClock "0:00:07"]

1. e4 c5 2. c3 d5 3. exd5 Qxd5 4. d4 Nc6 5. Nf3 Bg4 6. Nbd2 cxd4 7. Bc4 Qd7 8. cxd4 e6 9. h3 Bh5 10. Nb3 Bb4+ 11. Bd2 Bxd2+ 12. Qxd2 Bxf3 13. gxf3 Nge7 14. Rg1 O-O 15. O-O-O Rac8 16. Kb1 Nf5 17. Bd3 Nce7 18. Be4 b6 19. Rg4 Rfd8 20. h4 a5 21. d5 exd5 22. Bd3 Qe6 23. Rdg1 Qf6 24. h5 Kh8 25. Rg5 d4 26. Qf4 Rd5 27. Nd2 g6 28. Ne4 Qe5 29. Qg4 Qc7 30. hxg6 fxg6 31. Nf6 Rd6 32. Nxh7 Kxh7 33. Bxf5 Nxf5 34. Rh1+ Nh6 35. Rxh6+ Kxh6 36. a3 d3 37. Qh4+ Kg7 38. Re5 Rd7 39. Qd4 Rxd4 0-1


[Site "https://www.chess.com"]

[Event "Titled Tuesday Blitz March 29 Late 2022"]
[White "Fiol, Fabrice"]
[Black "Tanenbaum, Zachary"]
[WhiteFideId "611670"]
[BlackFideId "2060850"]
[WhiteElo "2401"]
[BlackElo "2168"]
[Result "0-1"]
[Round "06"]
[TimeControl "180+1"]
[Date "2022.03.30"]
[WhiteClock "0:00:06"]
[BlackClock "0:00:04"]

1. e4 e5 2. Nf3 Nc6 3. Bc4 Nf6 4. d3 Be7 5. Bb3 O-O 6. c3 d5 7. Nbd2 Be6 8. O-O h6 9. Re1 Bc5 10. h3 a5 11. exd5 Nxd5 12. Ne4 Be7 13. Ng3 Bd6 14. Ba4 Nde7 15. d4 exd4 16. cxd4 Bd5 17. Ne5 Bb4 18. Re3 f6 19. Nd3 Bd6 20. Nc5 Qc8 21. Bb3 b6 22. Ne6 Rf7 23. Qg4 Bxb3 24. axb3 f5 25. Qh5 f4 26. Rf3 Qxe6 27. d5 Qxd5 28. Qxd5 Nxd5 29. Ne4 Ndb4 30. Bd2 Ne5 31. Rc3 Nd5 32. Rcc1 Re8 33. f3 Bb4 34. Bc3 Nxc3 35. bxc3 Bf8 36. b4 Nd3 37. Rd1 Nb2 38. Rd5 Nc4 39. bxa5 Nxa5 40. Rad1 c6 41. Rd7 Rxd7 42. Rxd7 Re7 43. Rd8 Nc4 44. h4 b5 45. h5 Kf7 46. Rc8 Ne5 47. Nd6+ Ke6 48. Ne4 Rf7 49. Nc5+ Bxc5+ 50. Kh2 Rd7 51. Kh3 Rd2 52. Re8+ Kf6 53. c4 Nxc4 54. g4 fxg3 55. Kg4 g2 56. Kf4 Rd4+ 57. Kg3 g1=Q+ 58. Kh3 Qh1+ 59. Kg3 Bd6+ 60. f4 Bxf4+ 61. Kf2 Qh2+ 62. Ke1 Qg1+ 63. Ke2 Rd2+ 64. Kf3 Qg2+ 65. Kxf4 Rd4+ 66. Re4 Rxe4# 0-1


[Site "https://www.chess.com"]